 Dungeon Crawl Stone Soup version 0.30-a0-393-g54b8e3be05 (webtiles) character file.

Game seed: 3441248466071984321

2803 Krypt the Thaumaturge (level 9, -1/59 HPs)
             Began as a Mummy Necromancer on Nov 29, 2022.
             Was an Initiate of Ru.
             Slain by a yak (10 damage)
             ... on level 7 of the Dungeon on Dec 5, 2022.
             The game lasted 00:36:19 (9016 turns).

Krypt the Thaumaturge (Mummy Necromancer)           Turns: 9016, Time: 00:36:20

Health: -1/59      AC:  6    Str: 10    XL:     9   Next: 44%
Magic:  14/24      EV: 12    Int: 18    God:    Ru [......]
Gold:   220        SH:  0    Dex: 12    Spells: 10/30 levels left

rFire   . . .      SeeInvis .    b - +2 short sword (elec)
rCold   + + .      Faith    +    (no shield)
rNeg    + + +      Spirit   .    e - +2 robe {rC+ rF+}
rPois   ∞          Reflect  .    (no helmet)
rElec   .          Harm     .    (no cloak)
rCorr   .          Rampage  .    l - +1 Delatra's gloves {ID++}
Will    +....                    (no boots)
Stlth   ++........               (no amulet)
HPRegen 0.29/turn                (no ring)
MPRegen 0.19/turn                (no ring)

@: about to teleport, animating dead
A: cold resistance 1, negative energy resistance 3, torment resistance 2, weak
1, heat vulnerability 1, in touch with death 1, no potions, faith
a: Renounce Religion


You were on level 7 of the Dungeon.
You worshipped Ru.
Ru was noncommittal.
You visited 2 branches of the dungeon, and saw 8 of its levels.

You collected 220 gold pieces.

Inventory:

Hand Weapons
 b - a +2 short sword of electrocution (weapon)
 p - a +3 short sword
Armour
 e - a +2 robe of resistance (worn)
 l - the +1 Delatra's gloves (worn) {ID++}
   (You found it on level 4 of the Dungeon)

   It heals its wearer when they drink unknown potions.
   It restores its wearer's MP when they read unknown scrolls.
 n - a +1 leather armour of fire resistance
Wands
 c - a wand of flame (21)
 d - a wand of mindburst (23)
Scrolls
 a - 3 scrolls of identify
 f - a scroll of fear
 g - 2 scrolls of enchant armour
 h - a scroll of fog
 i - 2 scrolls of blinking
 j - 3 scrolls of poison
 k - a scroll of vulnerability
 m - 2 scrolls of teleportation
 o - a scroll of acquirement {unknown}


   Skills:
 + Level 1.2 Fighting
 + Level 1.0 Short Blades
 + Level 2.6 Dodging
 + Level 2.3 Stealth
 + Level 11.1 Spellcasting
 + Level 9.3 Necromancy
 + Level 1.2 Evocations


You had 10 spell levels left.
You knew the following spells:

 Your Spells              Type           Power      Damage    Failure   Level
a - Necrotise             Necr           100%       1d9       1%          1
b - Animate Dead          Necr           60%        N/A       1%          4
c - Vampiric Draining     Necr           60%        2d10      1%          3
d - Agony                 Necr           60%        N/A       4%          5
e - Haunt                 Necr/Summ      20%        N/A       100%        7

Your spell library contained the following spells:

 Spells                   Type           Power      Damage    Failure   Level
 Apportation              Tloc           20%        N/A       7%          1
 Portal Projectile        Hex/Tloc       20%        N/A       22%         3
 Tukima's Dance           Hex            10%        N/A       22%         3
 Vhi's Electric Charge    Tloc/Air       20%        N/A       22%         3
 Alistair's Intoxication  Tmut/Pois      6%         N/A       89%         5
 Arcjolt                  Conj/Air       5%         1d15      89%         5
 Infestation              Necr           30%        N/A       100%        8
 Maxwell's Capacitive Co  Air            5%         ∞         100%        8
 Blade Hands              Tmut           Unusable   N/A       N/A         5

Dungeon Overview and Level Annotations

Branches:
Dungeon (7/15)             Temple (1/1) D:6

Altars:
Ashenzari
Cheibriados
Dithmenos
Fedhas
Gozag
Hepliaklqana
Makhleb
Nemelex Xobeh
Okawaru
Ru
Sif Muna
Trog
Uskayaw
Vehumet
Wu Jian
Xom

Shops:
D:3 [


Innate Abilities, Weirdness & Mutations

You are immune to poison.
Your flesh is cold resistant. (rC+)
You are immune to negative energy. (rN+++)
You are immune to unholy pain and torment.
You are weak. (Str -2)
You are vulnerable to heat. (rF-)
You are in touch with the powers of death.
You do not drink.
You have a special connection with the divine. (Faith)


Message History

The yak is lightly wounded.
The yak gores you. The yak closely misses you.
You barely miss the yak.
The yak is lightly wounded.
The yak closely misses you.
You hit the yak but do no damage.
The yak is lightly wounded.
The yak misses you. The yak gores you! The yak attacks as you move away!
The yak barely misses you.
An ufetubus comes into view.
The yak attacks as you move away! The yak closely misses you.
The yak attacks as you move away! The yak barely misses you.
Aiming: Necrotise (safe; 1% risk of failure)
Press: ? - help, Q - select action, (/) - cycle Shift-Dir - straight line, f - yak
Aim: a yak (chance to affect: 83%)
You feel a surge of power!
The yak writhes in agony.
The ufetubus shouts!
The yak gores you but does no damage.
Aiming: Agony (dangerous; 4% risk of failure)
Press: ? - help, Q - select action, (/) - cycle Shift-Dir - straight line, f/p - yak
Aim: a yak (lightly wounded, chance to affect: 99%)
You feel a surge of power!
The yak convulses!
The yak completely misses you. The yak gores you!
Aiming: Necrotise (safe; 1% risk of failure)
Press: ? - help, Q - select action, (/) - cycle Shift-Dir - straight line, f/p - yak
Aim: a yak (heavily wounded, chance to affect: 83%)
You feel a surge of power!
The yak writhes in agony!
The yak barely misses you. The yak gores you! x2
As you read the scroll of teleportation, it crumbles to dust.
You feel strangely unstable. The yak gores you but does no damage.
The yak gores you! The yak closely misses you.
The yak gores you but does no damage. The ufetubus hits you.
* * * LOW HITPOINT WARNING * * *
The ufetubus closely misses you. The yak attacks as you move away!
The yak gores you!
* * * LOW HITPOINT WARNING * * *
The ufetubus closely misses you.
The ufetubus hits you but does no damage.
The yak gores you!
You die...

. #.......## #.
#......... #..
#.........
#.##......... ##
..........## ...
#.......... ....
##Y5......# .....
##Y.@.....#
......##$YY###.###.
.........#.#.......
.................#
.......###...#..#..
...............#...
............#..#...
##.................
#...........#....#..


You could see 4 yaks and an ufetubus.

Vanquished Creatures
  An unseen horror (D:7)
  Sigmund (D:5)
  2 black bears
  A sky beast (D:5)
  3 centaurs
  3 ogres
  5 scorpions
  3 wights (D:6)
  3 howler monkeys
  4 crimson imps (D:4)
  4 hounds
  2 orc priests (D:4)
  A gnoll bouda (D:3)
  8 orc wizards
  Natasha (thrice) (D:2)
  3 iguanas
  6 adders
  4 gnolls
  An ufetubus (D:6)
  A worm (D:2)
  3 dart slugs
  26 orcs
  3 ball pythons
  3 endoplasms
  7 goblins
  6 hobgoblins
  13 jackals
  6 kobolds
  2 quokkas
  5 bats
  5 frilled lizards
  5 rats
143 creatures vanquished.

Vanquished Creatures (collateral kills)
  A scorpion (D:7)
  A howler monkey (D:6)
  An orc priest (D:5)
  An adder (D:5)
  An endoplasm (D:3)
  A rat (D:1)
6 creatures vanquished.

Vanquished Creatures (others)
  2 ogre zombies
  A howler monkey zombie (D:5)
  3 orc zombies (D:5)
  12 plants
18 creatures vanquished.

Grand Total: 167 creatures vanquished

Notes
Turn   | Place    | Note
-------+----------+-------------------------------------------
     0 | D:1      | Krypt the Mummy Necromancer began the quest for the Orb.
     0 | D:1      | Reached XP level 1. HP: 13/13 MP: 4/4
   686 | D:1      | Reached XP level 2. HP: 17/19 MP: 0/5
   862 | D:1      | Upgraded the game from 0.30-a0-377-g5cb311bc9f to
                  | 0.30-a0-381-g6ea064c7b4
   873 | D:1      | Reached skill level 3 in Spellcasting
  1311 | D:1      | Gained mutation: You are in touch with the powers of death.
                  | [Mummy growth]
  1311 | D:1      | Reached XP level 3. HP: 24/24 MP: 0/7
  1584 | D:1      | Upgraded the game from 0.30-a0-381-g6ea064c7b4 to
                  | 0.30-a0-393-g54b8e3be05
  1780 | D:2      | Noticed Natasha
  1785 | D:2      | Killed Natasha
  2041 | D:2      | Reached XP level 4. HP: 27/30 MP: 7/9
  2065 | D:2      | Learned a level 4 spell: Animate Dead
  2069 | D:2      | Learned a level 3 spell: Vampiric Draining
  2194 | D:2      | Noticed Natasha
  2199 | D:2      | Killed Natasha
  2200 | D:2      | Reached skill level 5 in Necromancy
  2502 | D:2      | Noticed Natasha
  2507 | D:2      | Killed Natasha
  2508 | D:2      | Reached skill level 4 in Spellcasting
  2775 | D:3      | Reached XP level 5. HP: 35/35 MP: 9/11
  2955 | D:3      | Found Zioxtipt's Antique Armour Shop.
  3028 | D:3      | Reached skill level 5 in Spellcasting
  3400 | D:3      | Found a hide-covered altar of Uskayaw.
  3508 | D:4      | Reached XP level 6. HP: 28/42 MP: 12/14
  3593 | D:4      | Learned a level 5 spell: Agony
  3918 | D:4      | Found the +1 Delatra's gloves {ID++}
  4096 | D:4      | Reached skill level 6 in Spellcasting
  4285 | D:4      | Found a shimmering altar of Xom.
  4319 | D:4      | Reached XP level 7. HP: 45/47 MP: 16/16
  4876 | D:5      | Entered Level 5 of the Dungeon
  5071 | D:5      | Reached skill level 7 in Spellcasting
  5192 | D:5      | Noticed Sigmund
  5212 | D:5      | Killed Sigmund
  5213 | D:5      | Reached skill level 1 in Evocations
  5336 | D:5      | Reached skill level 8 in Spellcasting
  5336 | D:5      | Reached XP level 8. HP: 52/53 MP: 15/20
  5344 | D:5      | Learned a level 7 spell: Haunt
  5748 | D:5      | Reached skill level 9 in Spellcasting
  6551 | D:6      | Found a hazy altar of Hepliaklqana.
  6874 | D:6      | Found a staircase to the Ecumenical Temple.
  6904 | Temple   | Entered the Ecumenical Temple
  7120 | Temple   | Became a worshipper of Ru the Awakened
  7207 | D:6      | Reached skill level 10 in Spellcasting
  7218 | D:6      | Reached skill level 1 in Short Blades
  7223 | D:6      | Reached XP level 9. HP: 33/58 MP: 13/23
  7566 | D:6      | Reached skill level 1 in Fighting
  8872 | D:7      | Killed an unseen horror
  8873 | D:7      | Reached skill level 11 in Spellcasting
  8955 | D:7      | Gained mutation: You are weak. (Str -2) [Ru sacrifice]
  9016 | D:7      | Slain by a yak

Illustrated notes

Levels and vault maps discovered:
D:1:      lemuel_arrival_tunnels, layout_loops_corners, minmay_pentomino_p2
D:2:      layout_loops_ring, chequers_serial_rivers_large_a, uniq_natasha
D:3:      layout_loops_ring, mainiacjoe_overflow_alcove_2, serial_shops,
          nicolae_shop_advertising_works [nicolae_subvault_shop_adworks],
          nicolae_grassy_gnolls
D:4:      layout_basic, led_xom_imps, zin_statuary, kennysheep_generic_room_12
D:5:      layout_basic, st_stairs_4, minmay_a_box_with_orc_wizards_in_it,
          uniq_sigmund
D:6:      layout_layer_cave, nicolae_hepliaklqana_hazy_memory,
          minmay_temple_entry_waves
D:7:      layout_rooms, uniq_prince_ribbit1, uniq_duvessa, uniq_pikel
Temple:   bh_familiar_temple

Skill      XL: |  1  2  3  4  5  6  7  8  9 |
---------------+----------------------------+-----
Spellcasting   | 3 4 5 6 8 10 11 | 11.1
Necromancy     | 5 6 7 8 9 |  9.3
Stealth        | 2 |  2.3
Dodging        | 2 |  2.6
Evocations     | 1 |  1.2
Short Blades   | 1 |  1.0
Fighting       | 1 |  1.2

Action                   |  1- 3 |  4- 6 |  7- 9 || total
-------------------------+-------+-------+-------++-------
Melee: Unarmed           |    10 |       |       ||    10
       Short sword       |    26 |    23 |    71 ||   120
       Punch             |     1 |       |     1 ||     2
 Cast: Necrotise         |    53 |    99 |   166 ||   318
       Vampiric Draining |       |       |     8 ||     8
       Animate Dead      |       |       |     7 ||     7
       Agony             |       |       |     7 ||     7
Invok: Sacrifice Purity  |       |       |     1 ||     1
Evoke: Wand              |       |     3 |    10 ||    13
  Use: Scroll            |     8 |     5 |     3 ||    16
 Stab: Distracted        |     1 |       |       ||     1
       Sleeping          |       |     1 |       ||     1
Armor: Robe              |     8 |    11 |    59 ||    78
Dodge: Dodged            |    23 |    19 |    84 ||   126

Table legend: (Time is in decaauts)
 A = Elapsed time spent in this place.
 B = Non-inter-level travel time spent in this place.
 C = Inter-level travel time spent in this place.
 D = Time resting spent in this place.
 E = Time spent auto-exploring this place.
 F = Levels seen in this place.
 G = Mean time per level.
                   A        B        C        D        E       F      G
               +--------+--------+--------+--------+--------+-----+--------+
         Total |   9018 |   8847 |    171 |   1722 |   5769 |   8 | 1127.2 |
       Dungeon |   8785 |   8626 |    159 |   1722 |   5592 |   7 | 1255.0 |
        Temple |    233 |    221 |     12 |      0 |    177 |   1 |  233.0 |
               +--------+--------+--------+--------+--------+-----+--------+

Top non-repeatable levels by time:
     D:6: 1883 daAuts
     D:1: 1722 daAuts
     D:5: 1674 daAuts
     D:4: 1366 daAuts
     D:2: 927 daAuts
     D:3: 863 daAuts
     D:7: 347 daAuts
  Temple: 233 daAuts
